 Dungeon Crawl Stone Soup version 0.17.0-26-gececa24 (webtiles) character file.

1087 4thArraOfDagon the Cleaver (level 8, -7/105 HPs)
             Began as a Hill Orc Berserker on Nov 20, 2015.
             Was a Follower of Trog.
             Killed from afar by Harold (47 damage)
             ... with a bolt of fire
             ... on level 11 of the Dungeon.
             The game lasted 00:06:31 (1092 turns).

4thArraOfDagon the Cleaver (Hill Orc Berserker)     Turns: 1092, Time: 00:06:31

Health: -7/105     AC:  9    Str: 25    XL:     8   Next: 30%
Magic:  10/10      EV:  8    Int:  9    God:    Trog [*.....]
Gold:   227        SH:  0    Dex: 10    Spells: 0 memorised, 7 levels left

rFire  . . .     SeeInvis .     a - +0 hand axe
rCold  . . .     Clarity  .     d - +0 chain mail
rNeg   . . .     SustAt   .     (no shield)
rPois  .         Gourm    .     (no helmet)
rElec  .         Spirit   .     (no cloak)
rCorr  .         Warding  .     (no gloves)
rMut   .         Stasis   .     (no boots)
MR     ++...                    (no amulet)
Stlth  ..........               (no ring)
                                (no ring)

@: berserking, regenerating, very quick, very resistant to hostile enchantments,
extremely unstealthy
A: no striking features
a: Berserk, Burn Spellbooks, Renounce Religion


You were on level 11 of the Dungeon.
You worshipped Trog.
Trog was aware of your devotion.
You were not hungry.

You visited 1 branch of the dungeon, and saw 11 of its levels.
You also visited: Ossuary.

You collected 227 gold pieces.

Inventory:

Hand Weapons
 a - a +0 hand axe (weapon)
Armour
 d - a +0 chain mail (worn)
Wands
 n - a wand of disintegration (9)
Scrolls
 b - a scroll of enchant weapon {unknown}
 f - a scroll of noise {unknown}
 g - a scroll of fear {unknown}
 h - a scroll of remove curse
 j - a scroll of magic mapping {unknown}
 k - a scroll of teleportation {unknown}
 l - a scroll of blinking {unknown}
Potions
 e - a potion of degeneration {unknown}
Comestibles
 c - a bread ration
 i - 4 chunks of flesh


   Skills:
 + Level 6.1 Fighting
 * Level 9.4 Axes
 + Level 5.2 Armour
 - Level 1.5 Dodging
 + Level 2.9 Evocations


You had 7 spell levels left.
You didn't know any spells.

Dungeon Overview and Level Annotations

Branches:
Dungeon (11/15)
 Temple: D:4-7         Lair: D:8-11         Orc: D:9-12

Altars:
Ashenzari
Okawaru
Xom

Annotations:
D:11 Harold


Message History

You slash the hippogriff!
The hippogriff is moderately wounded.
The hippogriff bites you but does no damage.
The hippogriff pecks you. The hippogriff claws you.
Harold hits you with a hand axe of chopping.
Unknown command.
You hit Harold.
Harold is lightly wounded.
You hit the hippogriff.
The hippogriff is moderately wounded.
Unknown command.
You slice Harold!!
Harold is moderately wounded.
Your chain mail prevents you from hitting the hippogriff.
The hippogriff is moderately wounded.
The hippogriff bites you. The hippogriff closely misses you.
The hippogriff closely misses you.
Harold points at you and mumbles some strange words.
The bolt of fire hits you!
You die...

#.<...$#
#....>)#
#......###
###.##...######
#.####......##
#.# ######..##
####.# ##...
#.H..# ###.
#@#### #. #@#
#. #e# ## #*# #
#.# ## #.# #.
..# #... .##
.....## #####


You could see Harold, a hippogriff and a deep elf mage.

Vanquished Creatures
  A hippogriff (D:9)
  Menkaure (D:4)
  A necrophage (D:7)
  3 centaurs (D:8)
  2 giant frogs (D:9)
  4 wights (D:9)
  A giant frog zombie (D:11)
  2 orc wizards
  An iguana (D:4)
  A worker ant (D:4)
  A mummy (D:4)
  An adder (D:4)
  2 worms (D:4)
  2 giant geckos
  5 orcs
  A bat (D:2)
  A giant cockroach (D:4)
  A hobgoblin (D:1)
  3 jackals (D:7)
  A quokka (D:11)
  A goblin (D:1)
  A kobold (D:3)
  A kobold zombie (D:4)
  A rat (D:3)
39 creatures vanquished.

Vanquished Creatures (others)
  An adder (D:8)
1 creature vanquished.

Grand Total: 40 creatures vanquished

Notes
Turn   | Place    | Note
--------------------------------------------------------------
     0 | D:1      | 4thArraOfDagon the Hill Orc Berserker began the quest for the Orb.
     0 | D:1      | Reached XP level 1. HP: 19/19 MP: 1/1
   142 | D:3      | Reached XP level 2. HP: 18/27 MP: 2/2
   251 | D:4      | Noticed Menkaure
   261 | D:4      | Reached XP level 3. HP: 33/33 MP: 3/3
   263 | D:4      | Killed Menkaure
   263 | D:4      | Reached skill level 6 in Axes
   263 | D:4      | Reached XP level 4. HP: 41/41 MP: 4/4
   263 | D:4      | Reached XP level 5. HP: 47/47 MP: 5/5
   305 | D:4      | Found a sand-covered staircase.
   326 | Ossuary  | Entered an ossuary
   501 | D:5      | Entered Level 5 of the Dungeon
   527 | D:6      | Found a shimmering altar of Xom.
   538 | D:6      | Found a shimmering altar of Xom.
   538 | D:6      | Found a shimmering altar of Xom.
   538 | D:6      | Found a shimmering altar of Xom.
   553 | D:6      | Noticed a necrophage
   583 | D:7      | Killed a necrophage
   583 | D:7      | Reached skill level 5 in Fighting
   583 | D:7      | Reached skill level 7 in Axes
   583 | D:7      | Reached XP level 6. HP: 55/55 MP: 6/6
   711 | D:8      | Reached ** piety under Trog
   711 | D:8      | Reached skill level 1 in Evocations
   751 | D:8      | Reached XP level 7. HP: 37/60 MP: 7/7
   753 | D:8      | Reached skill level 8 in Axes
   759 | D:8      | Found a shattered altar of Ashenzari.
   777 | D:8      | HP: 1/60 [centaur (4)]
   894 | D:9      | Found an iron altar of Okawaru.
   910 | D:9      | Reached skill level 9 in Axes
   910 | D:9      | Reached XP level 8. HP: 33/70 MP: 9/9
   946 | D:10     | Entered Level 10 of the Dungeon
   968 | D:9      | Noticed a hippogriff
   968 | D:9      | Reached skill level 5 in Armour
   978 | D:9      | Killed a hippogriff
  1086 | D:11     | Noticed Harold
  1092 | D:11     | Killed from afar by Harold

Action                   |  1- 3 |  4- 6 |  7- 9 || total
-------------------------+-------+-------+-------++-------
Melee: Hand axe          |    29 |    51 |    61 ||   141
Invok: Berserk           |     1 |     5 |     4 ||    10
       Trog's Hand       |       |       |     4 ||     4
  Use: Scroll            |       |     3 |       ||     3
       Potion            |       |       |     2 ||     2
  Eat: Chunk             |       |     5 |     6 ||    11
